Map: Aura letal EJ

Players

ThisNewAlex

  • Race: Protoss Protoss
  • League: Platinum
  • Spawn Location: 11:00

Leavage - Winner!

  • Race: Terran Terran
  • League: Platinum
  • Spawn Location: 5:00

VOD

Have the link to the VOD?

Description

Time

  • Played on: Aug. 12, 2020, 12:33 p.m.
  • Length: 11:00
Show
View Real Time Build Order
Export as new Build Order

ThisNewAlex Protoss 

Build Orders: 1 Gate Expand 

Get SALT Encoding   

  12  0:03  Probe  
  13  0:15  Probe  
  13  0:18  Pylon  
  14  0:27  Probe  
  15  0:39  Probe  
  15  0:40  Gateway  
  16  0:50  Assimilator  
  16  0:51  Probe  
  17  1:03  Probe  
  18  1:15  Probe  
  19  1:29  Nexus  
  19  1:37  Cybernetics Core  
  19  1:46  Probe  
  20  1:47  Pylon  
  20  1:53  Assimilator  
  20  1:58  Probe  
  21  2:12  Gateway  
  21  2:16  Probe (Chrono Boost)  
  22  2:23  Stalker (Chrono Boost)  
  22  2:28  Probe (Chrono Boost)  
  25  2:30  Warp Gate  
  25  2:33  Probe (Chrono Boost)  
  26  2:42  Probe  
  27  2:46  Probe (Chrono Boost)  
  27  2:48  Stalker  
  30  2:54  Probe (Chrono Boost)  
  30  2:58  Probe (Chrono Boost)  
  32  3:02  Stalker  
  32  3:05  Probe (Chrono Boost)  
  35  3:07  Probe (Chrono Boost)  
  36  3:19  Sentry  
  38  3:20  Shield Battery  
  38  3:23  Probe  
  38  3:25  Probe  
  40  3:32  Stalker  
  42  3:35  Probe  
  42  3:37  Probe  
  44  3:47  Stalker  
  46  3:53  Pylon  
  46  4:00  Pylon  
  46  4:05  Pylon  
  46  4:11  Probe x2 (Chrono Boost)  
  46  4:12  Assimilator  
  48  4:20  Robotics Facility  
  48  4:23  Probe x2 (Chrono Boost)  
  50  4:26  Assimilator  
  50  4:30  Probe x2 (Chrono Boost)  
  52  4:37  Probe x2, Stalker x2  
  58  4:56  Forge  
  58  4:59  Twilight Council  
  59  5:00  Probe x2  
  59  5:03  Stalker x2  
  64  5:12  Probe x2  
  66  5:24  Probe x2  
  66  5:26  Nexus  
  68  5:29  Pylon  
  68  5:31  Pylon  
  68  5:36  Probe x2  
  70  5:48  Probe x2  
  72  6:00  Probe x2  
  59  6:12  Probe x2  
  62  6:18  Observer (Chrono Boost)  
  62  6:24  Probe x2  
  64  6:32  Protoss Ground Weapons Level 1  
  64  6:33  Observer (Chrono Boost)  
  64  6:35  Charge  
  64  6:36  Probe x2  
  67  6:40  Stalker x2, Templar Archives  
  71  6:47  Probe  
  71  6:48  Probe  
  71  6:49  Probe, Gateway  
  71  6:51  Immortal  
  78  6:54  Pylon  
  78  6:56  Pylon  
  78  6:57  Photon Cannon  
  78  6:58  Pylon  
  78  6:59  Probe  
  78  7:01  Probe x2  
  81  7:09  Assimilator  
  81  7:11  Assimilator, Probe  
  81  7:13  Probe x2  
  84  7:18  Stalker  
  86  7:23  Probe  
  86  7:25  Probe x2 (Chrono Boost)  
  89  7:36  Probe (Chrono Boost)  
  90  7:38  Probe x2 (Chrono Boost)  
  90  7:40  Immortal  
  96  7:46  Shield Battery  
  96  7:49  Photon Cannon  
  96  7:56  Photon Cannon  
  96  7:58  Pylon  
  96  8:01  Pylon  
  96  8:03  Gateway  
  96  8:05  Gateway  
  96  8:14  Templar Archives  
  96  8:16  Immortal (Chrono Boost)  
  96  8:17  Stalker x3  
  106  8:26  Psionic Storm  
  105  8:47  Stalker  
  105  8:48  Stalker x2  
  75  9:18  Stalker x3  
  75  9:19  Stalker x2  
  62  9:38  Probe x3  
  57  9:45  Immortal (Chrono Boost), Stalker x5  
  62  9:50  Probe x3  
  69  10:00  Shield Battery  
  69  10:01  Shield Battery  
  69  10:03  Probe (Chrono Boost)  
  70  10:08  Immortal  
  70  10:11  Probe x2 (Chrono Boost)  
  72  10:16  Probe (Chrono Boost)  
  72  10:21  Probe x2 (Chrono Boost)  
  79  10:22  Probe (Chrono Boost)  
  79  10:25  Probe (Chrono Boost)  
  79  10:26  Probe (Chrono Boost)  
  79  10:27  Forge  
  82  10:28  Stalker x2  
  82  10:29  Probe  
  82  10:33  Forge  
  85  10:38  Stalker x3  
Show
View Real Time Build Order
Export as new Build Order

Leavage Terran - Winner!

Build Orders: Reaper Expand 

Get SALT Encoding   

  12  0:00  SCV  
  13  0:13  SCV  
  14  0:17  Supply Depot  
  14  0:25  SCV  
  15  0:38  SCV  
  15  0:41  Barracks  
  16  0:44  Refinery  
  16  0:50  SCV  
  17  1:03  SCV  
  18  1:15  SCV  
  19  1:28  Reaper  
  19  1:29  Orbital Command  
  20  1:48  Command Center  
  20  1:53  Supply Depot  
  20  2:04  SCV  
  20  2:06  Marine  
  22  2:16  SCV  
  23  2:36  SCV  
  23  2:37  Barracks Reactor, Bunker  
  24  2:41  Factory  
  24  2:45  Refinery  
  24  2:48  SCV  
  25  3:00  SCV  
  25  3:02  Orbital Command  
  26  3:09  Supply Depot  
  26  3:12  SCV  
  27  3:14  Marine x2  
  29  3:24  SCV  
  30  3:30  SCV  
  30  3:32  Widow Mine, Marine x2  
  35  3:34  Starport  
  35  3:43  SCV x2  
  37  3:50  Marine x2  
  37  3:53  Supply Depot  
  37  3:55  SCV  
  40  4:00  Widow Mine  
  40  4:01  SCV  
  43  4:07  SCV  
  43  4:08  Marine x2  
  46  4:12  Medivac  
  48  4:24  Widow Mine, Supply Depot  
  48  4:27  Marine x2  
  48  4:28  SCV x2  
  54  4:40  SCV  
  54  4:41  SCV  
  56  4:46  Starport Tech Lab  
  56  4:47  Factory Tech Lab, Command Center  
  56  4:57  SCV x2, Marine x2  
  56  4:59  Supply Depot  
  60  5:09  SCV  
  60  5:11  Raven  
  60  5:13  Siege Tank  
  66  5:18  SCV  
  66  5:19  Marine x2  
  66  5:21  SCV  
  70  5:28  Barracks  
  70  5:30  SCV  
  70  5:31  Barracks  
  70  5:32  Refinery  
  70  5:33  SCV  
  73  5:42  SCV  
  72  6:08  SCV x2  
  72  6:10  Marine  
  72  6:11  Marine  
  68  6:12  Siege Tank  
  68  6:17  Orbital Command  
  71  6:24  Barracks Tech Lab, Starport Reactor  
  71  6:27  SCV x2  
  71  6:28  Marine x2  
  71  6:31  Refinery  
  71  6:32  Supply Depot  
  75  6:46  Engineering Bay  
  75  6:47  Engineering Bay  
  75  6:49  Armory, Marine x2  
  75  6:51  Marauder x2  
  81  6:55  SCV  
  82  7:02  Factory Reactor  
  82  7:04  Barracks, SCV  
  82  7:06  Marine x2  
  82  7:07  Barracks  
  82  7:08  SCV  
  86  7:10  Supply Depot  
  86  7:14  Missile Turret  
  86  7:16  SCV  
  86  7:19  Missile Turret  
  86  7:22  Missile Turret  
  87  7:25  Marauder x2  
  87  7:26  Medivac x2  
  87  7:29  Combat Shield, Stimpack  
  95  7:30  Marine  
  95  7:31  Marine  
  95  7:33  SCV  
  95  7:34  Supply Depot  
  95  7:36  Supply Depot  
  98  7:39  Terran Infantry Weapons Level 1  
  98  7:41  Terran Infantry Armor Level 1  
  98  7:44  Terran Ship Weapons Level 1, SCV  
  98  7:45  SCV  
  98  7:49  Marauder x2  
  104  7:54  Marine x2  
  104  7:55  Barracks Tech Lab, Marauder  
  108  8:02  SCV  
  109  8:07  Factory Reactor  
  109  8:15  Marauder  
  109  8:16  Marauder x3, Marine x2  
  109  8:17  Concussive Shells  
  119  8:20  SCV x2  
  121  8:33  Marine  
  121  8:34  Marine  
  123  8:37  Marauder  
  125  8:42  Marauder  
  125  8:58  Marine x2  
  125  9:01  Reaper  
  125  9:02  Marauder  
  125  9:04  Widow Mine, Marauder  
  125  9:05  Marauder  
  125  9:06  Widow Mine  
  125  9:07  Medivac  
  125  9:08  Medivac  
  124  9:16  Marine  
  119  9:18  Marine  
  118  9:24  Marauder  
  118  9:25  Marauder  
  118  9:27  Marauder  
  115  9:32  Marine  
  115  9:34  Marine  
  115  9:36  Marine  
  117  9:44  Medivac  
  117  9:45  Marine  
  115  9:46  Marauder  
  115  9:48  Marauder, Orbital Command  
  115  9:50  Marine  
  115  9:51  SCV x2  
  115  9:52  Marine  
  123  10:03  Marauder  
  123  10:20  Marauder  
  125  10:36  Marauder, Marine  
  125  10:37  Marauder  
  125  10:38  Marine  
  125  10:41  Marine  
Tags
 
Add a new tag
Caveats
  • Supply blocks, unpowered buildings, or Contaminate may cause inaccurate times.
  • Supply counts are checked every 10 seconds.